 Dungeon Crawl Stone Soup version 0.30.1 (webtiles) character file.

Game seed: 10519861678133712778

3 Dogbites the Chopper (level 1, 0/23 HPs)
             Began as a Gnoll Berserker on July 1, 2023.
             Was a Follower of Trog.
             Succumbed to a kobold's poison
             ... on level 1 of the Dungeon.
             The game lasted 00:05:40 (185 turns).

Dogbites the Chopper (Gnoll Berserker)               Turns: 185, Time: 00:05:41

Health: 0/23       AC:  2    Str: 16    XL:     1   Next: 50%
Magic:  1/1        EV: 13    Int:  6    God:    Trog [*.....]
Gold:   12         SH:  0    Dex: 11    Spells: 0/0 levels left

rFire   . . .        a - +0 hand axe
rCold   . . .        (no shield)
rNeg    . . .        b - +0 animal skin
rPois   .            (no helmet)
rElec   .            (no cloak)
rCorr   .            (no gloves)
SInv    .            (no boots)
Will    .....        (no amulet)
Stlth   +            (no ring)
HPRegen 0.23/turn    (no ring)
MPRegen 0.07/turn

%: no passive effects
@: lethally poisoned (0 -> -15)
A: fangs 1, strong nose, distributed training
a: Renounce Religion, Berserk


You were on level 1 of the Dungeon.
You worshipped Trog.
Trog was aware of your devotion.
You visited 1 branch of the dungeon, and saw 1 of its levels.

You collected 12 gold pieces.

Inventory:

Hand Weapons
 a - a +0 hand axe (weapon)
 e - a +0 dagger
Missiles
 d - 7 stones (quivered)
Armour
 b - a +0 animal skin (worn)
Scrolls
 c - a scroll of identify {unknown}


   Skills:
 + Level 6.4 Fighting
 + Level 0.0 Short Blades
 + Level 0.0 Long Blades
 + Level 6.4 Axes
 + Level 0.0 Maces & Flails
 + Level 0.0 Polearms
 + Level 0.0 Staves
 + Level 0.0 Ranged Weapons
 + Level 0.0 Throwing
 + Level 4.4 Armour
 + Level 4.4 Dodging
 + Level 0.0 Stealth
 + Level 0.0 Shields
 + Level 0.0 Unarmed Combat
 + Level 0.0 Spellcasting
 + Level 0.0 Conjurations
 + Level 0.0 Hexes
 + Level 0.0 Summonings
 + Level 0.0 Necromancy
 + Level 0.0 Translocations
 + Level 0.0 Transmutations
 + Level 0.0 Fire Magic
 + Level 0.0 Ice Magic
 + Level 0.0 Air Magic
 + Level 0.0 Earth Magic
 + Level 0.0 Poison Magic
 + Level 0.1 Invocations
 + Level 0.0 Evocations


You couldn't memorise any spells.
You didn't know any spells.
Your spell library was empty.

Dungeon Overview and Level Annotations

Branches:
Dungeon (1/15)

Altars:


Innate Abilities, Weirdness & Mutations

You have very sharp teeth.
Your uncanny sense of smell can sniff out nearby items.
Your experience applies equally to all skills.


Message History

A kobold comes into view. It is wielding a +1 dagger of venom.
The kobold shouts!
You hear a shout!
A giant cockroach comes into view.
A hobgoblin comes into view.
The kobold hits you but does no damage.
You are poisoned.
You closely miss the kobold.
You feel very sick.
A frilled lizard comes into view.
The kobold hits you but does no damage.
You are more poisoned.
A ball python comes into view.
The frilled lizard hisses angrily.
The ball python hisses angrily.
You hit the kobold.
The kobold is moderately wounded.
You feel very sick. The kobold barely misses you.
The giant cockroach misses you.
You hit the kobold.
The kobold is severely wounded.
You hit the giant cockroach.
You feel very sick. The kobold misses you. The giant cockroach misses you.
A giant cockroach comes into view.
You barely miss the giant cockroach.
The giant cockroach is severely wounded.
You closely miss the kobold.
You feel sick.
The kobold hits you with a +1 dagger of venom.
You are more poisoned.
The giant cockroach barely misses you.
You closely miss the giant cockroach.
The giant cockroach is severely wounded.
You hit the kobold.
You kill the kobold!
Trog accepts your kill.
* * * LOW HITPOINT WARNING * * *
You feel very sick. The giant cockroach barely misses you.
You closely miss the giant cockroach.
The giant cockroach is severely wounded.
You die...

#......# #.
#######......# #.
#....##......# . #.
#....##......#
..∆##.##....##).##.#####
..B#.....#...).##.......
...l.........###########
.............# #########
.....g)@.....# #Z#Z#Z#Z#
.......B..#.############
.........##'##^#.......#
.......###...###.#####..
.......#Z#.>.....#^#^###
...#...###...#########Z#
...##.. ##+##Z#Z# ### .#
#.. #####


You could see 2 giant cockroaches, a hobgoblin and a frilled lizard.

Vanquished Creatures
  A goblin (D:1)
  2 kobolds (D:1)
3 creatures vanquished.

Notes
Turn   | Place    | Note
-------+----------+-------------------------------------------
     0 | D:1      | Dogbites the Gnoll Berserker began the quest for the Orb.
     0 | D:1      | Reached XP level 1. HP: 23/23 MP: 1/1
     1 | D:1      | Noticed a demonspawn zombie
    10 | D:1      | Noticed a minotaur zombie
    40 | D:1      | Noticed a merfolk zombie
    47 | D:1      | Noticed a demonspawn zombie
    49 | D:1      | Noticed a demonspawn zombie
   185 | D:1      | Succumbed to a kobold's poison

Illustrated notes

Levels and vault maps discovered:
D:1:      shiori_arrival_whats_in_store_for_you, layout_rooms,
          chequers_ecumenical_altar_simple_redux

Action                     || total
---------------------------++-------
  Melee: Hand axe          ||     9
 Armour: Animal skin       ||     3
  Dodge: Dodged            ||     7
